 Dungeon Crawl Stone Soup version 0.28-a0-577-gb193047a1f (webtiles) character file.

Game seed: 1408667057504359946

97 avis the Insei (level 4, -1/29 HPs)
             Began as an Octopode Transmuter on Oct 2, 2021.
             Slain by Sigmund (11 damage)
             ... on level 2 of the Dungeon.
             The game lasted 00:10:09 (2105 turns).

avis the Insei (Octopode Transmuter)                Turns: 2105, Time: 00:10:10

Health: -1/29      AC:  1    Str: 10    XL:     4   Next: 68%
Magic:  7/7        EV: 13    Int: 15    God:
Gold:   66         SH:  0    Dex: 18    Spells: 3/7 levels left

rFire   + . .      SeeInvis .   a - +0 dagger
rCold   . . .      Faith    .   (no shield)
rNeg    . . .      Spirit   .   (helmet currently unavailable)
rPois   .          Reflect  .   (no amulet)
rElec   .          Harm     .   f - ring of protection from fire
rCorr   .          Rampage  .   i - +6 ring of dexterity
Will    .....                   (no ring)
Stlth   ++........              (no ring)
HPRegen 0.09/turn               (no ring)
MPRegen 0.10/turn               (no ring)
                                (no ring)
                                (no ring)

@: confused, appendages (expiring)
A: tentacle spike 3, almost no armour, amphibious, 8 rings, camouflage 1,
gelatinous body 1, (nimble swimmer 1), tentacles
a: End Transformation


You were on level 2 of the Dungeon.
One of your tentacles had grown a beastly spike.
You visited 1 branch of the dungeon, and saw 2 of its levels.

You collected 66 gold pieces.

Inventory:

Hand Weapons
 a - a +0 dagger (weapon)
Missiles
 g - 100 stones
Jewellery
 f - a ring of protection from fire (left tentacle)
 i - a +6 ring of dexterity (right tentacle)
Scrolls
 c - a scroll of vulnerability {unknown}
 e - a scroll of enchant armour {unknown}
 h - a scroll of immolation {unknown}
 k - a scroll of identify {unknown}
Potions
 b - a potion of cancellation {unknown}
 d - a potion of heal wounds {unknown}
 j - a potion of degeneration {unknown}


   Skills:
 - Level 2.0 Fighting
 - Level 2.0 Dodging
 - Level 2.0 Stealth
 * Level 4.6 Unarmed Combat
 - Level 2.0 Spellcasting
 - Level 2.0 Transmutations


You had 3 spell levels left.
You knew the following spells:

 Your Spells              Type           Power      Damage    Failure   Level
a - Beastly Appendage     Tmut           14%        N/A       10%         1
p - Spider Form           Tmut/Pois      2%         N/A       41%         3

Your spell library contained the following spells:

 Spells                   Type           Power      Damage    Failure   Level
 Wereblood                Tmut           7%         N/A       14%         2
 Ice Form                 Ice/Tmut       4%         N/A       82%         4


Dungeon Overview and Level Annotations

Branches:
Dungeon (2/15)

Altars:

Shops:
D:1 (

Annotations:
D:2 Sigmund


Innate Abilities, Weirdness & Mutations

One of your tentacles has grown a beastly spike.
You cannot wear most types of armour.
You are amphibious.
You can wear up to eight rings at the same time.
Your skin changes colour to match your surroundings (Stealth+).
Your rubbery body absorbs attacks. (AC +1, EV +1)
((You are camouflaged near water. (Stealth+)))
You have tentacles for arms and can constrict up to eight enemies at once.


Message History

You hit the worm but do no damage. You grab the worm.
The worm is moderately wounded.
You constrict the worm. You hit the worm but do no damage.
You pierce the worm.
The worm is severely wounded.
You constrict the worm. The worm bites you.
You hit the worm but do no damage. You squeeze the worm.
The worm is severely wounded.
You constrict the worm. You hit the worm.
You pierce the worm.
The worm is almost dead.
You constrict the worm.
You kill the worm!
You start resting.
Your tentacle spike disappears.
You start resting.
Magic restored.
You start resting.
HP restored.
A kobold comes into view. It is wielding a +0 club.
Casting: Beastly Appendage (safe; 10% risk of failure)
Confirm with . or Enter, or press ? or * to list all spells.
One of your tentacles grows a vicious spike.
Found 12 gold pieces.
The kobold shouts!
You hear a shout!
Sigmund the Dreaded comes into view.
He is wielding a +0 scythe of freezing.
Sigmund drinks a potion.
Sigmund seems to speed up.
Your transformation is almost over.
Sigmund gestures at you while chanting.
You are confused.
Sigmund barely misses you. The kobold hits you but does no damage.
The kobold hits you with a +0 club.
You barely miss the kobold.
Your tentacle spike misses the kobold.
Sigmund hits you from afar with a +0 scythe of freezing!
Sigmund freezes you. The kobold closely misses you.
You hit the kobold.
You pierce the kobold, but do no damage.
The kobold is moderately wounded.
Sigmund hits you from afar with a +0 scythe of freezing!
You die...

##.#..#........#
##.#..#........#
##.............#
###..##........#####
###.>........†.....#
...................#
...÷...............#
..................[#########
#######.........@K@.........
...# ############..........
)..# #.......... ...#
#.......... ...# #..........
...# #.......... ...#
#.......... ...# #..........
...# #..........


You could see Sigmund (fast) and a kobold.

Vanquished Creatures
  Jessica (D:2)
  2 adders (D:2)
  2 worms (D:2)
  A dart slug (D:1)
  3 bats
  5 endoplasms
  A giant cockroach (D:1)
  3 hobgoblins (D:1)
  7 jackals
  5 kobolds
  3 ball pythons
  5 frilled lizards
  3 goblins (D:1)
  3 rats (D:1)
44 creatures vanquished.

Notes
Turn   | Place    | Note
-------+----------+-------------------------------------------
     0 | D:1      | avis the Octopode Transmuter began the quest for the Orb.
     0 | D:1      | Reached XP level 1. HP: 13/13 MP: 3/3
   188 | D:1      | Reached XP level 2. HP: 8/19 MP: 1/5
   466 | D:1      | Reached skill level 1 in Stealth
   662 | D:1      | Reached XP level 3. HP: 10/24 MP: 4/6
   834 | D:1      | Learned a level 3 spell: Spider Form
   929 | D:1      | Found Yruces's Weapon Emporium.
  1532 | D:2      | Noticed Jessica
  1538 | D:2      | Killed Jessica
  1539 | D:2      | Reached skill level 4 in Unarmed Combat
  1539 | D:2      | Reached XP level 4. HP: 28/29 MP: 5/7
  1917 | D:2      | Found a faded altar of an unknown god.
  2095 | D:2      | Noticed Sigmund
  2105 | D:2      | Slain by Sigmund

Illustrated notes

Levels and vault maps discovered:
D:1:      dpeg_arrival_signposts, layout_basic, serial_shops,
          nicolae_shop_statue_plus, serial_park_tiny_1, minivault_23,
          minmay_crystal_room, st_stairs_14
D:2:      layout_basic, chequers_ecumenical_altar_simple, uniq_jessica,
          uniq_sigmund

Skill      XL: |  1  2  3 |
---------------+----------+-----
Fighting       | 2 |  2.0
Stealth        | 2 |  2.0
Unarmed Combat | 4 |  4.6
Dodging        | |  2.0
Spellcasting   | |  2.0
Transmutations | |  2.0

Action                   |  1- 3 |  4- 6 || total
-------------------------+-------+-------++-------
Melee: Unarmed           |    24 |       ||    24
       Kick              |    18 |    12 ||    30
       Constrict         |    21 |     6 ||    27
       Tentacles         |     9 |     6 ||    15
       Punch             |     1 |     1 ||     2
       Dagger            |    40 |    24 ||    64
 Cast: Beastly Appendage |    23 |    11 ||    34
 Stab: Sleeping          |     8 |     1 ||     9
Armor: Skin              |     5 |     1 ||     6
Dodge: Dodged            |    41 |     6 ||    47

Table legend: (Time is in decaauts)
 A = Elapsed time spent in this place.
 B = Non-inter-level travel time spent in this place.
 C = Inter-level travel time spent in this place.
 D = Time resting spent in this place.
 E = Time spent auto-exploring this place.
 F = Levels seen in this place.
 G = Mean time per level.
                   A        B        C        D        E       F      G
               +--------+--------+--------+--------+--------+-----+--------+
         Total |   2103 |   1990 |    113 |    638 |    895 |   2 | 1051.5 |
       Dungeon |   2103 |   1990 |    113 |    638 |    895 |   2 | 1051.5 |
               +--------+--------+--------+--------+--------+-----+--------+

Top non-repeatable levels by time:
     D:1: 1539 daAuts
     D:2: 564 daAuts
